 Dungeon Sprint DCSS version 0.22.1-1-ga44c0e56f4 (webtiles) character file.

44287 MuseOD the Imperceptible (level 13, -5/79 HPs)
             Began as a Spriggan Enchanter on Oct 3, 2018.
             Was the Champion of Dithmenos.
             Slain by a deep elf knight
             ... wielding a +0 long sword
              (19 damage)
             ... in the Dungeon (Sprint III: "The Ten Rune Challenge").
             The game lasted 00:18:00 (7225 turns).

MuseOD the Imperceptible (Spriggan Enchanter)       Turns: 7225, Time: 00:18:01

Health: -5/79      AC:  2    Str:  4    XL:     13   Next: 25%
Magic:  27/34      EV: 18    Int: 22    God:    Dithmenos [******]
Gold:   355        SH:  0    Dex: 16    Spells: 2/44 levels left

rFire    . . .     SeeInvis +   a - +1 dagger
rCold    . . .     Gourm    .   (shield restricted)
rNeg     . . .     Faith    .   b - +0 robe
rPois    .         Spirit   .   (helmet restricted)
rElec    .         Reflect  .   (no cloak)
rCorr    .         Harm     .   (gloves unavailable)
MR       ++...     Clarity  +   (boots unavailable) Stlth ++++++++++NoTele +
                                (no amulet)
HPRegen  0.23/turn              (no ring)
MPRegen  0.24/turn              (no ring)

@: wreathed by umbra, very quick
A: very small, unfitting armour, antennae 1, rugged brown scales 1, see
invisible, clarity, deformed body, herbivore, speed 3, slow metabolism 2,
MP-powered wands
}: 1/10 runes: serpentine
a: Shadow Step, Shadow Form, Renounce Religion


You were in the Dungeon.
You worshipped Dithmenos.
Dithmenos was exalted by your worship.
You were hungry.

You visited 1 branch You collected 2685 gold pieces.
You spent 2330 gold pieces at shops.

Inventory:

Hand Weapons
 a - a +1 dagger (weapon)
Armour
 b - a +0 robe (worn)
Scrolls
 c - a scroll of fog {unknown}
 l - 3 scrolls of torment
 m - 2 scrolls of identify
 n - a scroll of remove curse {unknown}
 p - 2 scrolls of acquirement
 q - a scroll of immolation {unknown}
 r - a scroll of amnesia {unknown}
Potions
 g - a potion of haste
 h - 2 potions of magic
 i - 2 potions of berserk rage
 k - a potion of might
 o - a potion of agility
Comestibles
 d - 3 rations


   Skills:
 + Level 13.2 Fighting
 * Level 22.0 Short Blades
 - Level 3.0 Dodging
 + Level 22.3 Stealth
 + Level 16.1 Spellcasting
 * Level 5.8 Conjurations
 + Level 9.7 Hexes
 * Level 2.1 Earth Magic


You had 2 spell levels left.
You knew the following spells:

 Your Spells              Type           Power        Failure   Level  Hunger
a - Corona                Hex            ######.      1%          1    None
b - Ensorcelled Hibernat  Hex/Ice        #####.       1%          2    None
c - Confuse               Hex            ######..     1%          3    None
d - Dazzling Spray        Conj/Hex       ######       1%          3    None
e - Venom Bolt            Conj/Pois      ####......   26%         5    ##.....
f - Bolt of Magma         Conj/Fire/Erth ####......   30%         5    ##.....
g - Iron Shot             Conj/Erth      #####.....   67%         6    ####...
h - Discord               Hex            ######....   98%         8    #######
i - Shatter               Erth           ####......   100%        9    #######

Your spell library contained the following spells:

 Spells                   Type           Power        Failure   Level  Hunger
 Confusing Touch          Hex            ######       1%          1    None
 Animate Skeleton         Necr           N/A          3%          1    None
 Apportation              Tloc           ###...       3%          1    None
 Summon Small Mammal      Summ           ###.         3%          1    None
 Tukima's Dance           Hex            ######..     1%          3    None
 Cause Fear               Hex            ######....   1%          4    None
 Leda's Liquefaction      Hex/Erth       #####.....   2%          4    None
 Gell's Gravitas          Tloc           ###.......   10%         3    None
 Metabolic Englaciation   Hex/Ice        #####.....   12%         5    ##.....
 Silence                  Hex/Air        #####.....   12%         5    ##.....
 Yara's Violent Unravell  Hex/Tmut       #####.....   12%         5    ##.....
 Petrify                  Tmut/Erth      ###.....     21%         4    None
 Iskenderun's Battlesphe  Conj/Chrm      ####....     26%         5    ##.....
 Orb of Destruction       Conj           #####.....   94%         7    ######.
 Statue Form              Tmut/Erth      ###......    97%         6    ####...
 Deflect Missiles         Chrm/Air       ###.......   99%         6    ####...
 Spellforged Servitor     Conj/Summ      ####......   100%        7    ######.


Dungeon Overview and Level Annotations

Branches:
Dungeon (1/1)

Altars:
Dithmenos
Elyvilon
Fedhas
Kikubaaqudgha
Okawaru
Ru
Sif Muna
Trog
Uskayaw
Vehumet
Wu Jian
Yredelemnul
Zin
The Shining One
Beogh

Shops:
D :?(}?:[(?[!:%}(??}=


Innate Abilities, Weirdness & Mutations

You are very small and have problems with some larger weapons.
You are too small for most types of armour.
You have supernaturally acute eyesight. (SInv)
You are a herbivore.
You cover ground extremely quickly.
You need to consume almost no food.
You have a pair of small antennae on your head.
You are partially covered in rugged brown scales. (AC +1, +3% HP)
You possess an exceptional clarity of mind.
Armour fits poorly on your strangely shaped body.
You expend magic power (3 MP) to strengthen your wands.


Message History

Aiming: Dazzling Spray (safe; 1% risk of failure)
Press: ? - help, Shift-Dir - straight line, f/p - deep elf knight
Aim: a deep elf knight, wielding a long sword (black smoke, moderately wounded,
Okay, then.
Casting: Dazzling Spray (safe; 1% risk of failure)
Confirm with . or Enter, or press ? or * to list all spells.
Aiming: Dazzling Spray (safe; 1% risk of failure)
Press: ? - help, Shift-Dir - straight line, f/p - deep elf knight
Aim: a deep elf knight, wielding a long sword (black smoke, moderately wounded, The spray of energy misses the deep elf knight.
The spray of energy hits you!
* * * LOW HITPOINT WARNING * * *
Your shadow mimicks your spell!
The shadow shard misses the deep elf knight.
Char dumped successfully.
Char dumped successfully.
There is an open door to the Elven Halls here.
You feel better.
The deep elf knight hits you with a long sword!!
You die...

▓▓▓▓▓ ▓▓▓▓▓
##########...###.#§#######
_#___#__#.###∩#.#.§§§#...#
.#__)#._#.)......e##§#§§§##≈
'#'###'##..))...@#.#{#§§§≈≈≈
........#)))).....##§#§§.##≈
........#.#.####..##§ee§.#
.######'#)###...########## .#
#...#'#######################
.#
#...#†)..#)#)#)..§§#..y..y†yy
##
#..)##.#.)#.##.###§#{y....#..
)#
#...'##.#.#.##.#y{##y...y.#{.
_#
+...#...#..#..##§y{y..y...#{


You could see a deep elf knight.

Vanquished Creatures
  Rupert (D)
  Dowan (D)
  A nagaraja (D)
  Azrael (D)
  Erolcha (D)
  A naga warrior (D)
  A yaktaur captain (D)
  2 hydras (D)
  5 anacondas (D)
  4 death yaks (D)
  Urug (D)
  A death drake (D)
  A spriggan druid (D)
  A lindwurm (D)
  2 swamp dragons (D)
  An orc sorcerer (D)
  2 deep elf magi (D)
  A guardian serpent (D)
  4 black mambas (D)
  Duvessa (D)
  2 spiny frogs (D)
  A rime drake (D)
  A komodo dragon (D)
  2 yaktaurs (D)
  3 wandering mushrooms (D)
  2 tyrant leeches (D)
  4 orc high priests (D)
  8 blink frogs (D)
  5 redbacks (D)
  2 spriggans (D)
  A shadow (D)
  2 nagas (D)
  7 water moccasins (D)
  3 swamp drakes (D)
  3 orc warriors (D)
  A necrophage (D)
  5 two-headed ogres (D)
  A water elemental (D)
  A scorpion (D)
  9 killer bees (D)
  An electric eel (D)
  2 orc wizards (D)
  3 orc priests (D)
  A jelly (D)
  A wizard (D)
  Jessica (D)
  A necromancer (D)
  3 humans (D)
  A kobold demonologist (D)
  2 adders (D)
  An ooze (D)
  7 orcs (D)
  2 rats (D)
  A plant (D)
123 creatures vanquished.

Vanquished Creatures (others)
  2 draconian scorchers (D)
  6 hellions (D)
  3 yaktaurs (D)
  An orc high priest (D)
  An orc priest (D)
  10 plants (D)
23 creatures vanquished.

Grand Total: 146 creatures vanquished

Notes
Turn   | Place    | Note
-------+----------+-------------------------------------------
     0 | D        | MuseOD the Spriggan Enchanter began the quest for the Orb.
     0 | D        | Reached XP level 1. HP: 9/9 MP: 5/5
    12 | D        | Reached skill level 1 in Fighting
    12 | D        | Reached skill level 5 in Stealth
    29 | D        | Killed a yaktaur
    56 | D        | Noticed Jessica
   100 | D        | Killed a hellion
   101 | D        | Killed a hellion
   101 | D        | Killed a hellion
   111 | D        | Killed a hellion
   161 | D        | Killed a hellion
   188 | D        | Killed a white draconian scorcher
   213 | D        | Killed a white draconian scorcher
   235 | D        | Killed a hellion
   519 | D        | Killed Jessica
   519 | D        | Reached XP level 2. HP: 3/15 MP: 4/6
   519 | D        | Reached XP level 3. HP: 4/18 MP: 5/8
   672 | D        | Learned a level 2 spell: Ensorcelled Hibernation
   676 | D        | Learned a level 3 spell: Confuse
   771 | D        | Noticed a scorpion
   776 | D        | Killed a scorpion
   776 | D        | Reached XP level 4. HP: 24/24 MP: 4/10
   791 | D        | Gained mutation: Your magical capacity is low. (-10% MP)
                  | [potion of mutation]
   791 | D        | Gained mutation: You are somewhat resistant to further
                  | mutation. [potion of mutation]
   792 | D        | Lost mutation: Your magical capacity is low. (-10% MP)
                  | [potion of mutation]
   792 | D        | Lost mutation: You are somewhat resistant to further
                  | mutation. [potion of mutation]
   792 | D        | Gained mutation: You are frail. (-10% HP) [potion of
                  | mutation]
   792 | D        | Gained mutation: You have a pair of small horns on your
                  | head. [potion of mutation]
   792 | D        | Gained mutation: Your flesh is heat resistant. (rF+)
                  | [potion of mutation]
   793 | D        | Lost mutation: You have a pair of small horns on your head.
                  | [potion of mutation]
   793 | D        | Lost mutation: Your flesh is heat resistant. (rF+) [potion
                  | of mutation]
   793 | D        | Lost mutation: You are frail. (-10% HP) [potion of
                  | mutation]
   793 | D        | Gained mutation: Your muscles are strong. (Str +2) [potion
                  | of mutation]
   793 | D        | Gained mutation: You expend magic power (3 MP) to
                  | strengthen your wands. [potion of mutation]
   793 | D        | Gained mutation: You are partially covered in rugged brown
                  | scales. (AC +1, +3% HP) [potion of mutation]
   794 | D        | Lost mutation: Your muscles are strong. (Str +2) [potion of
                  | mutation]
   794 | D        | Lost mutation: You expend magic power (3 MP) to strengthen
                  | your wands. [potion of mutation]
   794 | D        | Gained mutation: You expend magic power (3 MP) to
                  | strengthen your wands. [potion of mutation]
   794 | D        | Gained mutation: Armour fits poorly on your strangely
                  | shaped body. [potion of mutation]
   794 | D        | Gained mutation: You possess an exceptional clarity of
                  | mind. [potion of mutation]
   794 | D        | Gained mutation: You have a pair of small antennae on your
                  | head. [potion of mutation]
   914 | D        | Noticed a water elemental
   917 | D        | Killed a water elemental
   917 | D        | Reached skill level 5 in Spellcasting
   917 | D        | Reached XP level 5. HP: 29/29 MP: 11/13
   966 | D        | Found a basalt altar of Yredelemnul.
   966 | D        | Found a shadowy altar of Dithmenos.
   966 | D        | Found a sacrificial altar of Ru.
   966 | D        | Noticed a necrophage
   969 | D        | Killed a necrophage
   969 | D        | Reached XP level 6. HP: 35/35 MP: 14/16
   973 | D        | Became a worshipper of Dithmenos the Shadowed
   988 | D        | Found a glowing silver altar of Zin.
   988 | D        | Found a glowing golden altar of the Shining One.
   988 | D        | Found a white marble altar of Elyvilon.
   988 | D        | Noticed a deep elf mage
   991 | D        | Killed a deep elf mage
   991 | D        | Reached skill level 5 in Fighting
   991 | D        | Reached XP level 7. HP: 40/40 MP: 16/19
   996 | D        | Learned a level 3 spell: Dazzling Spray
  1017 | D        | Found a radiant altar of Vehumet.
  1017 | D        | Found a deep blue altar of Sif Muna.
  1017 | D        | Found an ancient bone altar of Kikubaaqudgha.
  1021 | D        | Reached * piety under Dithmenos
  1035 | D        | Found a hide-covered altar of Uskayaw.
  1035 | D        | Found a roughly hewn altar of Beogh.
  1035 | D        | Found an iron altar of Okawaru.
  1035 | D        | Found a bloodstained altar of Trog.
  1035 | D        | Found an ornate altar of the Wu Jian Council.
  1035 | D        | Noticed a human
  1035 | D        | Noticed a human
  1038 | D        | Killed a human
  1039 | D        | Killed a human
  1071 | D        | Noticed a shadow
  1073 | D        | Killed a shadow
  1073 | D        | Reached ** piety under Dithmenos
  1073 | D        | Reached XP level 8. HP: 46/46 MP: 22/22
  1093 | D        | Reached *** piety under Dithmenos
  1096 | D        | Noticed a two-headed ogre
  1099 | D        | Killed a two-headed ogre
  1099 | D        | Reached skill level 10 in Spellcasting
  1103 | D        | Noticed a two-headed ogre
  1103 | D        | Noticed Erolcha
  1143 | D        | Killed Erolcha
  1143 | D        | Reached XP level 9. HP: 22/52 MP: 12/25
  1341 | D        | Killed a two-headed ogre
  1341 | D        | Reached skill level 15 in Stealth
  1346 | D        | Reached **** piety under Dithmenos
  1462 | D        | Noticed Dowan
  1463 | D        | Noticed Duvessa
  1479 | D        | Killed Dowan
  1479 | D        | Reached skill level 15 in Short Blades
  1479 | D        | Reached XP level 10. HP: 49/59 MP: 17/27
  1487 | D        | Killed Duvessa
  1598 | D        | Noticed a yaktaur captain
  1747 | D        | Noticed an orange demon
  2574 | D        | Killed a yaktaur captain
  2574 | D        | Reached ***** piety under Dithmenos
  2798 | D        | Found Kuonne Nuem's Food Emporium.
  2798 | D        | Found Leurpheu's Antique Weapon Shop.
  2798 | D        | Found Jemumeub's Distillery.
  2798 | D        | Found Kazi's Jewellery Shoppe.
  2798 | D        | Found Kosowikh's Book Boutique.
  2798 | D        | Found Humaf's Gadget Emporium.
  2798 | D        | Found Hiwnauwaets's Antique Armour Shoppe.
  2798 | D        | Found Goudaq's Gadget Shop.
  2798 | D        | Found Qanax's Magic Scroll Shop.
  2798 | D        | Found Liothill's Magic Scroll Emporium.
  2798 | D        | Found Dox Soet's Antique Weapon Emporium.
  2798 | D        | Found Kaiquvo's Magic Scroll Boutique.
  2895 | D        | Noticed Azrael
  2904 | D        | Killed Azrael
  2904 | D        | Reached skill level 10 in Fighting
  3148 | D        | Noticed a spiny frog
  3148 | D        | Noticed a spiny frog
  3151 | D        | Killed a spiny frog
  3151 | D        | Reached XP level 11. HP: 65/65 MP: 29/29
  3154 | D        | Reached ****** piety under Dithmenos
  3285 | D        | Noticed a lindwurm
  3288 | D        | Killed a lindwurm
  3370 | D        | Noticed Urug
  3372 | D        | Killed Urug
  3415 | D        | Noticed a four-headed hydra
  3415 | D        | Noticed a seven-headed hydra
  3418 | D        | Killed a seven-headed hydra
  3419 | D        | Killed a four-headed hydra
  3428 | D        | Noticed a death drake
  3431 | D        | Killed a death drake
  3431 | D        | Reached skill level 15 in Spellcasting
  3460 | D        | Noticed a swamp dragon
  3461 | D        | Killed a swamp dragon
  3462 | D        | Noticed a swamp dragon
  3468 | D        | Killed a swamp dragon
  3469 | D        | Found Esui's Magic Scroll Emporium.
  3469 | D        | Found Essuos's Book Shop.
  3471 | D        | Found Dumurr's Antique Armour Shoppe.
  3828 | D        | Noticed Rupert
  3832 | D        | Killed Rupert
  3832 | D        | Reached XP level 12. HP: 73/73 MP: 31/33
  3838 | D        | Noticed a death yak
  3839 | D        | Noticed a death yak
  3841 | D        | Killed a death yak
  3841 | D        | Reached skill level 1 in Conjurations
  3842 | D        | Noticed an azure jelly
  3842 | D        | Noticed a death yak
  3842 | D        | Noticed an azure jelly
  3842 | D        | Noticed a death yak
  3844 | D        | Killed a death yak
  3846 | D        | Killed a death yak
  3846 | D        | Reached skill level 5 in Hexes
  3848 | D        | Killed a death yak
  4143 | D        | Noticed an anaconda
  4143 | D        | Noticed an anaconda
  4146 | D        | Noticed an anaconda
  4168 | D        | Killed an anaconda
  4202 | D        | Killed an anaconda
  4237 | D        | Killed an anaconda
  4401 | D        | Noticed an anaconda
  4409 | D        | Killed an anaconda
  4415 | D        | Noticed an anaconda
  4420 | D        | Killed an anaconda
  4431 | D        | Noticed a naga warrior
  4431 | D        | Noticed a nagaraja
  4797 | D        | Killed a naga warrior
  4910 | D        | Found Madys's Book Boutique.
  4910 | D        | Found Kuunoira's Magic Scroll Emporium.
  4997 | D        | Killed a nagaraja
  4997 | D        | Reached XP level 13. HP: 38/78 MP: 10/34
  5085 | D        | Found Woeschic's Antique Weapon Shop.
  5203 | D        | Reached skill level 5 in Conjurations
  5205 | D        | Got a serpentine rune of Zot
  5368 | D        | Found Eteczenyots's Gadget Shoppe.
  5698 | D        | Bought a book of Power for 540 gold pieces
  5965 | D        | Bought a book of the Earth for 910 gold pieces
  6100 | D        | Bought a book of Enchantments for 600 gold pieces
  6106 | D        | Learned a level 5 spell: Venom Bolt
  6112 | D        | Learned a level 5 spell: Bolt of Magma
  6119 | D        | Learned a level 6 spell: Iron Shot
  6128 | D        | Learned a level 8 spell: Discord
  6138 | D        | Learned a level 9 spell: Shatter
  6259 | D        | Bought a book of Misfortune for 280 gold pieces
  6310 | D        | Found a blossoming altar of Fedhas.
  6312 | D        | Reached skill level 1 in Earth Magic
  7225 | D        | Slain by a deep elf knight

Skill      XL: |  1  2  3  4  5  6  7  8  9 10 11 12 13 |
---------------+----------------------------------------+-----
Fighting       | 2 3 4 5 6 8 9 10 11 12 13 | 13.2
Short Blades   | 4 6 7 8 11 12 14 15 17 20 21 22 | 22.0
Stealth        | 6 7 8 9 11 12 14 16 17 20 21 22 | 22.3
Spellcasting   | 3 5 6 8 9 11 12 13 16 | 16.1
Conjurations   | 4 5 |  5.8
Hexes          | 8 9 |  9.7
Earth Magic    | 2 |  2.1
Dodging        | |  3.0

Action                   |  1- 3 |  4- 6 |  7- 9 | 10-12 | 13-15 || total
-------------------------+-------+-------+-------+-------+-------++-------
Melee: Dagger            |    37 |     5 |    27 |   104 |    50 ||   223
 Cast: Corona            |     5 |       |       |       |       ||     5
       Ensorcelled Hiber |     2 |     1 |     2 |    26 |     7 ||    38
       Confuse           |       |       |     5 |    51 |     2 ||    58
       Dazzling Spray    |       |       |     4 |    12 |    25 ||    41
Invok: Shadow Step       |       |       |       |     5 |     1 ||     6
  Use: Potion            |       |     4 |       |     2 |     2 ||     8
       Scroll            |       |       |       |       |     1 ||     1
 Stab: Sleeping          |     3 |     5 |    12 |    42 |    11 ||    73
       Confused          |       |       |     3 |    17 |     1 ||    21
       Invisible         |       |       |     3 |     4 |     6 ||    13
  Eat: Ration            |       |       |       |     1 |     1 ||     2
Armor: Robe              |     1 |       |     1 |     2 |     2 ||     6
Dodge: Dodged            |    19 |       |     8 |    39 |    56 ||   122
